 Dungeon Crawl Stone Soup version 0.18-a0-977-ge0e037f (webtiles) character file.

4396 Oddball22 the Carver (level 10, -2/79 HPs)
             Began as a Demonspawn Chaos Knight on Jan 4, 2016.
             Killed from afar by a gargoyle (7 damage)
             ... with a stone arrow
             ... on level 10 of the Dungeon.
             The game lasted 00:19:59 (7914 turns).

Oddball22 the Carver (Demonspawn Chaos Knight)      Turns: 7914, Time: 00:19:59

Health: -2/79      AC: 13    Str: 14    XL:     10   Next: 13%
Magic:  10/10      EV: 17    Int: 13    God:    Xom [...*..]
Gold:   545        SH:  0    Dex: 21    Spells: 0 memorised, 9 levels left

rFire  + . .     SeeInvis +     a - +0 falchion (chaos)
rCold  . . .     Gourm    .     i - +0 leather armour (curse)
rNeg   . . .     Faith    +     (no shield)
rPois  +         Spirit   .     E - +2 hat
rElec  +         Dismiss  .     s - +1 cloak
rCorr  .         Reflect  .     (no gloves)
SustAt .         Harm     .     w - +2 pair of boots
MR     .....                    u - amulet of faith
Stlth  ++++......               y - ring of see invisible
                                x - ring "Varyerur" {rElec rPois Dex+4}

@: not resistant to hostile enchantments, stealthy
A: antennae 1, talons 2, thin metallic scales 2, fire resistance 1, nightstalker
1, powered by death 1, strong 1, wild magic 1
a: Renounce Religion


You were on level 10 of the Dungeon.
You worshipped Xom.
You were a favourite toy of Xom.
You were not hungry.

You visited 1 branch of the dungeon, and saw 10 of its levels.

You collected 545 gold pieces.

Inventory:

Hand Weapons
 a - a +0 falchion of chaos (weapon)
 C - a +2 long sword of freezing
 M - a +4 hand axe of chaos
Armour
 i - a cursed +0 leather armour (worn)
 s - a +1 cloak (worn)
 w - a +2 pair of boots (worn)
 E - a +2 hat (worn)
Jewellery
 e - an uncursed ring of protection from cold
 u - an amulet of faith (around neck)
 x - the ring "Varyerur" (left hand) {rElec rPois Dex+4}
   (You found it on level 4 of the Dungeon)

   [ring of poison resistance]

   It affects your dexterity (+4).
   It insulates you from electricity.
   It protects you from poison.
 y - a ring of see invisible (right hand)
 H - an uncursed ring of protection from cold
Wands
 J - a wand of disintegration (10/24)
Scrolls
 d - 5 scrolls of remove curse
 h - 5 scrolls of teleportation
 j - 9 scrolls of identify
 k - a scroll of enchant armour {unknown}
 o - 3 scrolls of amnesia
 v - 2 scrolls of recharging {unknown}
 D - 2 scrolls of magic mapping
 F - a scroll of torment {unknown}
Potions
 b - a potion of resistance {unknown}
 f - 2 potions of degeneration
 n - 3 potions of brilliance
 A - a potion of curing
 B - 2 potions of haste
 I - a potion of might
Books
 l - a book of Battle

   Spells                             Type                      Level
   a - Infusion                       Charms                       1
   b - Shroud of Golubria             Charms/Translocation         2
   c - Song of Slaying                Charms                       2
   d - Spectral Weapon                Hexes/Charms                 3
   e - Regeneration                   Charms/Necromancy            3
 m - a book of Debilitation

   Spells                             Type                      Level
   a - Corona                         Hexes                        1
   b - Slow                           Hexes                        2
   c - Gell's Gravitas                Hexes/Translocation          3
   d - Inner Flame                    Hexes/Fire                   3
   e - Cause Fear                     Hexes                        4
   f - Leda's Liquefaction            Hexes/Earth                  4
 p - a book of Death

   Spells                             Type                      Level
   a - Corpse Rot                     Necromancy                   2
   b - Sublimation of Blood           Necromancy                   2
   c - Agony                          Necromancy                   5
   d - Dispel Undead                  Necromancy                   5
   e - Excruciating Wounds            Charms/Necromancy            5
   f - Bolt of Draining               Conjuration/Necromancy       5
 G - a book of Changes

   Spells                             Type                      Level
   a - Beastly Appendage              Transmutation                1
   b - Sticks to Snakes               Transmutation                2
   c - Spider Form                    Transmutation/Poison         3
   d - Ice Form                       Ice/Transmutation            4
   e - Blade Hands                    Transmutation                5
 L - a book of Fire

   Spells                             Type                      Level
   a - Ignite Poison                  Fire/Transmutation/Poison    3
   b - Fireball                       Conjuration/Fire             5
   c - Bolt of Fire                   Conjuration/Fire             6
   d - Delayed Fireball               Conjuration/Fire             7
   e - Ring of Flames                 Charms/Fire                  7
 N - Liumave's Guide on Displaced Enchantment
   (You found it on level 10 of the Dungeon)

   Spells                             Type                      Level
   a - Apportation                    Translocation                1
   b - Shroud of Golubria             Charms/Translocation         2
   c - Confusing Touch                Hexes                        2
   d - Metabolic Englaciation         Hexes/Ice                    5
   e - Mass Confusion                 Hexes                        6
Comestibles
 c - 11 bread rations
 g - 14 fruits
 q - 2 meat rations
 r - 7 beef jerkies
 t - a slice of pizza
 z - a royal jelly


   Skills:
 + Level 7.4 Fighting
 * Level 9.4 Long Blades
 - Level 1.7 Armour
 + Level 6.0 Dodging
 + Level 5.7 Stealth


You had 9 spell levels left.
You didn't know any spells.

Dungeon Overview and Level Annotations

Branches:
Dungeon (10/15)            Temple (0/1) D:5
   Lair: D:8-11         Orc: D:9-12

Altars:
Ashenzari
Cheibriados
Fedhas
Gozag
Kikubaaqudgha
Makhleb
Okawaru
Pakellas
Ru
Xom
Yredelemnul
The Shining One


Innate Abilities, Weirdness & Mutations

You have razor-sharp toenails.
You are mostly covered in thin metallic scales (AC +3).
You are slightly more attuned to the shadows.
You regenerate a little health from kills.
You have a pair of small antennae on your head.
Your flesh is heat resistant.
Your muscles are strong. (Str +2)
Your spells are a little harder to cast, but a little more powerful.


Message History

You bump into the rock wall.
The gargoyle barely misses you.
You feel less confused.
The jelly quivers.
The gargoyle hurls a stone arrow at you.
The stone arrow hits you!
You see here 17 gold pieces.
The gargoyle barely misses you. The gargoyle misses you.
You see here 2 smoky puce potions.
The gargoyle hits you with a mace.
* * * LOW HITPOINT WARNING * * *
The gargoyle hurls a stone arrow at you.
The stone arrow hits you!
* * * LOW HITPOINT WARNING * * *
You hit the gargoyle.
The gargoyle is lightly damaged.
The gargoyle hurls a stone arrow at you.
The stone arrow hits you!
You die...
Xom howls with laughter!

#..#############...
#..# #...
#..#############...
#..................
#.................#
#.$...............#
#.J................
#.9!...............
#.@................
#....(..........###
#...............###
#..................
#..................
#..###########.####
#..# #.#
#..###########.####
#..................


You could see a gargoyle (invisible) and a jelly.

Vanquished Creatures
  A troll (D:9)
  A wyvern (D:10)
  Eustachio (D:6)
  A hippogriff (D:7)
  3 orc warriors
  2 sky beasts
  3 ice beasts
  6 ogres
  A phantom (D:8)
  3 centaurs
  2 giant frogs (D:8)
  3 scorpions
  5 wights (D:9)
  3 crimson imps
  A centaur skeleton (D:5)
  A giant frog zombie (D:8)
  4 quasits
  A centaur zombie (D:6)
  3 hounds
  3 jellies
  8 orc priests
  4 orc wizards
  A giant frog skeleton (D:7)
  2 iguanas
  9 worker ants
  A hound skeleton (D:7)
  11 adders
  2 shadow imps
  3 oozes
  An adder skeleton (D:9)
  3 worms
  5 giant geckos
  A giant gecko (shapeshifter) (D:5)
  16 orcs
  2 giant cockroaches
  3 goblins
  5 hobgoblins
  6 jackals
  8 quokkas
  A sheep (D:6)
  A ball python (D:8)
  15 bats
  A giant gecko skeleton (D:4)
  A giant gecko zombie (D:6)
  9 giant newts
  3 kobolds
  7 rats
177 creatures vanquished.

Vanquished Creatures (collateral kills)
  The ghost of nubinia the Stinger, an amateur GrVM (D:3)
  An adder (D:7)
  An orc (D:7)
3 creatures vanquished.

Vanquished Creatures (others)
  The ghost of P0WERM0DE the Frost Mage, a novice DgIE (D:9)
  A troll (D:2)
2 creatures vanquished.

Grand Total: 182 creatures vanquished

Notes
Turn   | Place    | Note
--------------------------------------------------------------
     0 | D:1      | Oddball22 the Demonspawn Chaos Knight began the quest for the Orb.
     0 | D:1      | Reached XP level 1. HP: 18/18 MP: 1/1
   228 | D:1      | Reached skill level 1 in Dodging
   280 | D:1      | Gained mutation: You are partially covered in thin metallic scales (AC +2). [demonic ancestry]
   280 | D:1      | Reached XP level 2. HP: 24/24 MP: 2/2
   588 | D:1      | XOM: harmless Conj miscast
   748 | D:2      | Found a sacrificial altar of Ru.
   838 | D:2      | Found a shimmering altar of Xom.
   838 | D:2      | Found a burning altar of Makhleb.
   845 | D:2      | Gained mutation: You are mostly covered in thin metallic scales (AC +3). [demonic ancestry]
   845 | D:2      | Reached XP level 3. HP: 29/29 MP: 3/3
   856 | D:2      | Found a glowing golden altar of the Shining One.
   864 | D:2      | Found an opulent altar of Gozag.
   987 | D:2      | Found an oddly glowing altar of Pakellas.
   987 | D:2      | Noticed an orange crystal statue
   988 | D:2      | Noticed a troll
   996 | D:2      | Killed a troll
  1210 | D:2      | Noticed an ogre
  1210 | D:2      | a worm changed into an ogre
  1218 | D:2      | Killed an ogre
  1218 | D:2      | Reached skill level 4 in Long Blades
  1218 | D:2      | Reached XP level 4. HP: 14/37 MP: 4/4
  1252 | D:2      | XOM: silly message
  1663 | D:3      | XOM: harmless Divn miscast
  1680 | D:3      | XOM: 2-stop teleportation journey
  1681 | D:3      | Noticed nubinia's ghost (amateur GrVM)
  1693 | D:3      | XOM: fog
  1698 | D:3      | Reached XP level 5. HP: 37/42 MP: 5/5
  1916 | D:3      | XOM: summons 2 friendly demons
  1929 | D:3      | Killed nubinia's ghost
  2331 | D:3      | XOM: divination: detect items
  2556 | D:3      | XOM: enchant monster (bad)
  2695 | D:3      | XOM: god gift: lumpy emerald amulet {god gift}
  2862 | D:4      | Got a coiled golden ring
  2863 | D:4      | Identified the ring "Varyerur" {rElec rPois Dex+4} (You found it on level 4 of the Dungeon)
  2913 | D:4      | Gained mutation: You have sharp toenails. [demonic ancestry]
  2913 | D:4      | Reached XP level 6. HP: 48/48 MP: 6/6
  3084 | D:4      | Reached skill level 5 in Long Blades
  3094 | D:4      | Found a snail-covered altar of Cheibriados.
  3136 | D:4      | XOM: cast spell 'Ice Form'
  3296 | D:4      | XOM: god gift: runed hat {god gift}
  3340 | D:5      | Entered Level 5 of the Dungeon
  3398 | D:5      | Found a blossoming altar of Fedhas.
  3430 | D:5      | Noticed an ice beast
  3444 | D:5      | Killed an ice beast
  3563 | D:5      | XOM: scenery: 3 doors open
  3590 | D:5      | Found a staircase to the Ecumenical Temple.
  3642 | D:5      | Gained mutation: You are slightly more attuned to the shadows. [demonic ancestry]
  3642 | D:5      | Reached XP level 7. HP: 40/55 MP: 7/7
  3688 | D:5      | XOM: enchant monster (bad)
  3742 | D:5      | XOM: mild Necr miscast
  3796 | D:5      | XOM: mild Erth miscast
  3805 | D:5      | Reached skill level 5 in Fighting
  3808 | D:5      | XOM: polymorph giant newt -> quokka
  3892 | D:5      | XOM: cast spell 'Hydra Form'
  3908 | D:5      | XOM: give mutation
  3908 | D:5      | Gained mutation: Your body sometimes deteriorates upon taking damage. [Xom's mischief]
  3965 | D:5      | Reached skill level 1 in Stealth
  4078 | D:5      | Found a basalt altar of Yredelemnul.
  4138 | D:5      | XOM: god gift: scroll labeled JAXUUS LOIGH
  4152 | D:5      | Gained mutation: Your spells are a little harder to cast, but a little more powerful. [mutagenic meat]
  4153 | D:5      | Gained mutation: Your flesh is heat resistant. [mutagenic meat]
  4226 | D:6      | Noticed Eustachio
  4234 | D:6      | XOM: confuse monster(s)
  4239 | D:6      | XOM: smoke on damage
  4240 | D:6      | Killed Eustachio
  4240 | D:6      | Reached skill level 6 in Long Blades
  4240 | D:6      | XOM: blink monster(s)
  4349 | D:6      | Found a sand-covered staircase.
  4425 | D:6      | Gained mutation: You have razor-sharp toenails. [demonic ancestry]
  4425 | D:6      | Reached XP level 8. HP: 28/63 MP: 8/8
  4726 | D:6      | Found a shimmering altar of Xom.
  4766 | D:6      | XOM: colour smoke trail
  4809 | D:6      | XOM: divination: detect creatures
  4993 | D:6      | Found a shattered altar of Ashenzari.
  5023 | D:7      | XOM: chaos upgrade
  5027 | D:7      | XOM: summons friendly shadow imp
  5116 | D:7      | XOM: polymorph shadow imp -> crimson imp
  5130 | D:7      | XOM: colour smoke trail
  5205 | D:7      | Reached skill level 7 in Long Blades
  5265 | D:7      | XOM: silly message
  5616 | D:7      | XOM: confusion (+ monsters)
  5622 | D:7      | XOM: harmless Tloc miscast
  5709 | D:7      | XOM: mild Ice miscast
  5712 | D:7      | XOM: cast spell 'Excruciating Wounds'
  5717 | D:7      | XOM: mild Ice miscast
  5726 | D:7      | XOM: medium Pois miscast
  5731 | D:7      | Gained mutation: You regenerate a little health from kills. [demonic ancestry]
  5731 | D:7      | Reached XP level 9. HP: 39/69 MP: 9/9
  5735 | D:7      | XOM: confusion
  5737 | D:7      | XOM: mild Hex miscast
  5741 | D:7      | XOM: cast spell 'Statue Form'
  5752 | D:7      | XOM: potion effect (heal wounds)
  5858 | D:7      | Reached skill level 8 in Long Blades
  5932 | D:8      | Reached skill level 5 in Dodging
  5964 | D:8      | XOM: confuse monster(s)
  6007 | D:8      | XOM: cast spell 'Confusing Touch'
  6010 | D:8      | XOM: enchant monster (bad)
  6040 | D:8      | XOM: divination: magic mapping
  6064 | D:8      | XOM: colour smoke trail
  6148 | D:8      | Gained mutation: Your muscles are strong. (Str +2) [potion of mutation]
  6148 | D:8      | Gained mutation: You have a pair of small antennae on your head. [potion of mutation]
  6271 | D:8      | XOM: potion effect (agility)
  6272 | D:8      | XOM: divination: magic mapping
  6281 | D:8      | XOM: cast spell 'Summon Butterflies'
  6358 | D:8      | Reached skill level 5 in Stealth
  6501 | D:8      | Found an iron altar of Okawaru.
  6589 | D:8      | XOM: harmless Divn miscast
  6634 | D:8      | XOM: enchant monster (good)
  6838 | D:9      | Reached skill level 9 in Long Blades
  7101 | D:9      | XOM: colour smoke trail
  7228 | D:9      | XOM: harmless Trmt miscast
  7241 | D:9      | XOM: enchant monster (good)
  7242 | D:9      | XOM: blink monster(s)
  7255 | D:9      | XOM: chaos upgrade
  7276 | D:9      | XOM: give mutation
  7276 | D:9      | Lost mutation: Your body sometimes deteriorates upon taking damage. [Xom's mischief]
  7393 | D:9      | Noticed P0WERM0DE's ghost (novice DgIE)
  7406 | D:9      | XOM: blink monster(s)
  7414 | D:9      | Banished P0WERM0DE's ghost
  7414 | D:9      | Reached XP level 10. HP: 72/79 MP: 10/10
  7444 | D:9      | Found an ancient bone altar of Kikubaaqudgha.
  7618 | D:9      | XOM: swap monsters
  7631 | D:9      | XOM: confusion
  7691 | D:10     | Entered Level 10 of the Dungeon
  7797 | D:10     | Identified Liumave's Guide on Displaced Enchantment
  7892 | D:10     | Noticed a gargoyle
  7894 | D:10     | XOM: medium Ice miscast
  7902 | D:10     | XOM: confusion
  7914 | D:10     | Killed from afar by a gargoyle

Vault maps used:
D:1:      dpeg_arrival_ternary
D:2:      old_standard_altar, gammafunk_pakellas_statue_experiment,
          grunt_temple_overflow_cloverleaf, fountainhead, st_stairs_7
D:3:      minmay_misc_feat_plants
D:4:      cheibriados_altar_1, first_bread
D:5:      lemuel_round_altar, yredelemnul_altar_generic, temple_hall,
          solitary_fountain
D:6:      ashenzari_altar_1, nicolae_ossuary_entry_ruins, dk_xom_monty_hall,
          uniq_eustachio
D:7:      grunt_ogre_cave
D:8:      okawaru_ov_weapons_minmay, grunt_decor_one_mirror,
          minmay_lindwurm_lava
D:9:      kennysheep_mini_moat, serial_co_window_serial, co_window_paths_a,
          co_window_corner_a, co_window_paths_a, co_window_corner_a,
          co_window_of_opportunity_a, co_window_2corner,
          co_window_of_opportunity_b, co_window_corner_ca, co_window_cross_3,
          co_window_broadway_c, co_window_unsneaky_path_b, co_window_paths_e,
          co_window_paths_d, glass_columns_c, glass_columns_b, glass_columns_b
D:10:     serial_shops, shop

Action                   |  1- 3 |  4- 6 |  7- 9 | 10-12 || total
-------------------------+-------+-------+-------+-------++-------
Melee: Falchion          |    77 |   160 |   625 |    41 ||   903
  Use: Scroll            |       |     5 |       |       ||     5
       Potion            |       |       |    10 |       ||    10
 Stab: Sleeping          |     1 |       |    17 |     2 ||    20
       Petrified         |       |     1 |     2 |       ||     3
       Confused          |       |       |    12 |     1 ||    13
       Paralysed         |       |       |     4 |       ||     4
       Petrifying        |       |       |     5 |     1 ||     6
       Distracted        |       |       |     1 |       ||     1
  Eat: Chunk             |     1 |     7 |    17 |     1 ||    26
